 Dungeon Crawl Stone Soup version 0.27-a0-1301-g128193abf8 (webtiles) character file.

Game seed: 5072657957434248939

18 flotson the Sneak (level 2, 0/24 HPs)
             Began as a Demonspawn Delver on June 17, 2021.
             Slain by an adder (1 damage)
             ... on level 3 of the Dungeon.
             The game lasted 00:00:59 (584 turns).

flotson the Sneak (Demonspawn Delver)                Turns: 584, Time: 00:01:00

Health: 0/24       AC:  3    Str: 12    XL:     2   Next: 51%
Magic:  2/2        EV: 12    Int: 11    God:
Gold:   7          SH:  0    Dex: 14    Spells: 1/1 levels left

rFire    . . .     SeeInvis .   a - +0 hand axe
rCold    . . .     Faith    .   (no shield)
rNeg     . . .     Spirit   .   b - +0 leather armour
rPois    .         Reflect  .   (no helmet)
rElec    .         Harm     .   (no cloak)
rCorr    .         Rampage  .   (no gloves)
Will     .....                  (no boots)
Stlth    ++........             (no amulet)
HPRegen  0.08/turn              (no ring)
MPRegen  0.08/turn              (no ring)

@: no status effects
A: claws 1
a: no special abilities


You were on level 3 of the Dungeon.
You visited 1 branch of the dungeon, and saw 3 of its levels.

You collected 7 gold pieces.

Inventory:

Hand Weapons
 a - a +0 hand axe (weapon)
Armour
 b - a +0 leather armour (worn)
Wands
 g - a wand of digging (3)
Scrolls
 c - a scroll of fog
 d - a scroll of magic mapping
 e - a scroll of fear
 h - a scroll of teleportation {unknown}
 j - a scroll of identify {unknown}
Potions
 f - a potion of haste
 i - a potion of degeneration {unknown}
 k - a potion of might {unknown}


   Skills:
 + Level 3.2 Fighting
 + Level 2.1 Axes
 + Level 0.7 Armour
 + Level 2.1 Dodging
 - Level 4.5 Stealth


You had one spell level left.
You didn't know any spells.
Your spell library was empty.

Dungeon Overview and Level Annotations

Branches:
Dungeon (5/15)
 Temple: D:4-7

Altars:

Annotations:
D:4 Sigmund


Innate Abilities, Weirdness & Mutations

You have sharp fingernails.


Message History

You barely miss the adder.
The adder is lightly wounded.
You feel sick. The adder closely misses you.
You hit the adder.
The adder is moderately wounded.
You feel sick. The adder closely misses you. The adder barely misses you.
You hit the adder.
The adder is heavily wounded.
You feel sick. The adder barely misses you.
You are too injured to fight recklessly!
Unknown command.
You are too injured to fight recklessly!
Unknown command.
You miss the adder.
The adder is heavily wounded.
You feel sick.
You are no longer poisoned.
The adder misses you. The adder closely misses you.
You closely miss the adder.
The adder is heavily wounded.
The adder bites you. The adder barely misses you.
You miss the adder.
The adder is heavily wounded.
The adder bites you.
* * * LOW HITPOINT WARNING * * *
You closely miss the adder.
The adder is heavily wounded.
The hobgoblin shouts!
The adder bites you.
* * * LOW HITPOINT WARNING * * *
The adder closely misses you.
You closely miss the adder.
The adder is heavily wounded.
The adder closely misses you.
You closely miss the adder.
The adder is heavily wounded.
The adder bites you.
* * * LOW HITPOINT WARNING * * *
The adder bites you.
You die...

....#..........#
..#.....### # #
##.##...# #. #..
###.#### #.#
#..####....# ...
#.......##.#
#.##########.# #
####.g........#.##
+....†@.†####.#..#
###...S..# #.#..#
#.##...####.##.#.#
# #..##.........#
#..#..###.#......#
...#. #.########
.##.. #.# ### #.#
#.#


You could see an adder and a hobgoblin.

Vanquished Creatures
  An adder (D:3)
  An endoplasm (D:3)
  2 goblins (D:3)
  A hobgoblin (D:3)
  A ball python (D:3)
  A bat (D:3)
  2 frilled lizards (D:3)
  A kobold (D:3)
10 creatures vanquished.

Notes
Turn   | Place    | Note
-------+----------+-------------------------------------------
     0 | D:5      | flotson the Demonspawn Delver began the quest for the Orb.
     0 | D:5      | Reached XP level 1. HP: 18/18 MP: 1/1
    23 | D:5      | Noticed a water moccasin zombie
    52 | D:4      | Noticed Sigmund
    66 | D:3      | Gained mutation: You have sharp fingernails. [demonic
                  | ancestry]
    66 | D:3      | Reached XP level 2. HP: 24/24 MP: 2/2
   584 | D:3      | HP: 1/24 [adder (4)]
   584 | D:3      | Slain by an adder

Illustrated notes

Levels and vault maps discovered:
D:3:      layout_basic, overflow_temple_1_default, uniq_terence,
          uniq_crazy_yiuf_cottage
D:4:      layout_rooms, nrook_mini_vaults, uniq_sigmund
D:5:      minmay_thick_lines, layout_basic, amcnicky_altar_gilded,
          temple_doors_cd, enter_ossuary_5, uniq_ijyb

Skill      XL: |  1 |
---------------+----+-----
Axes           | 2 |  2.1
Dodging        | 2 |  2.1
Fighting       | |  3.2
Armour         | |  0.7
Stealth        | |  4.5

Action                   || total
-------------------------++-------
Melee: Hand axe          ||    49
 Stab: Sleeping          ||     2
Armor: Leather armour    ||    11
Dodge: Dodged            ||    29

Table legend: (Time is in decaauts)
 A = Elapsed time spent in this place.
 B = Non-inter-level travel time spent in this place.
 C = Inter-level travel time spent in this place.
 D = Time resting spent in this place.
 E = Time spent auto-exploring this place.
 F = Levels seen in this place.
 G = Mean time per level.
                   A        B        C        D        E       F      G
               +--------+--------+--------+--------+--------+-----+--------+
         Total |    593 |    593 |      0 |      0 |    470 |   3 |  197.7 |
       Dungeon |    593 |    593 |      0 |      0 |    470 |   3 |  197.7 |
               +--------+--------+--------+--------+--------+-----+--------+

Top non-repeatable levels by time:
     D:3: 531 daAuts
     D:5: 33 daAuts
     D:4: 28 daAuts
